AoeStats
← AOKI_GworK

African Clearing

506922411Analyzed
4v4 RM · 16d ago on Sep 15, 2026· 18m 42s· 8 players
Game mode
Random Map
Map size
Large (8 player)
Population
200
Speed
Normal
Resources
Standard
Victory
Conquest
Starting age
Dark Age
Ending age
Imperial Age
RankedLock teamsTeams togetherTeam positionsShared explorationLock speedFull tech treeHidden civsTurbo modeCheats
Victory
Defeat
🇫🇷 Mongols · France
1801
+11
🇫🇷 Huns · France
1793
+11
🇫🇷 Jurchens · France
1720
+14
🇫🇷 Slavs · France
1629
+19
🇦🇷 Persians · Argentina
1770
-17
🇺🇸 Aztecs · United States
1736
-16
🇨🇳 Khitans · China
1645
-12
🇨🇳 Vietnamese · China
1581
-10
AOKI_Nyusika
8:55 Loom
11:05 Feudal Age
11:38 Double-Bit Axe
12:11 Horse Collar
20:59 Castle Age
AOKI_GworK
8:41 Loom
12:12 Feudal Age
14:47 Double-Bit Axe
19:06 Wheelbarrow
21:16 Castle Age
AOKI_Thanouille
10:16 Feudal Age
8:33 Loom
10:44 Double-Bit Axe
12:13 Town Watch
14:22 Forging
17:49 Fletching
Fluffy Silverhand
11:43 Feudal Age
11:08 Loom
12:59 Double-Bit Axe
13:27 Horse Collar
Conde Calcukill
8:27 Loom
11:05 Feudal Age
11:38 Double-Bit Axe
12:34 Town Watch
12:41 Horse Collar
16:11 Scale Barding Armor
17:28 Scale Mail Armor
17:41 Forging
Bz_青红
8:47 Loom
11:17 Feudal Age
13:45 Forging
14:50 Town Watch
15:41 Scale Barding Armor
18:00 Double-Bit Axe
ty
11:09 Loom
13:40 Feudal Age
17:22 Castle Age
15:49 Double-Bit Axe
17:13 Fletching
BeardyMan37
10:56 Loom
13:45 Feudal Age
Connection lost

Rejoining the realm…

Still unreachable

The connection could not be restored.

Session expired

The server has moved on; the page needs a fresh start.